 Dungeon Crawl Stone Soup version 0.31-a0-1009-g454b1f1e0a (webtiles) character file.

Game seed: 60641387247690741

252 T3DPool the Chopper (level 6, 0/53 HPs)
             Began as a Hill Orc Fighter on Nov 15, 2023.
             Slain by a gnoll bouda
             ... wielding a +0 club
              (8 damage)
             ... on level 4 of the Dungeon.
             The game lasted 00:04:43 (2255 turns).

T3DPool the Chopper (Hill Orc Fighter)              Turns: 2255, Time: 00:04:43

Health: 0/53       AC:  8    Str: 21    XL:     6   Next: 14%
Magic:  6/6        EV: 10    Int:  8    God:
Gold:   177        SH:  4    Dex: 10    Spells: 5/5 levels left

rFire   . . .        a - +0 war axe
rCold   . . .        c - +0 buckler
rNeg    . . .        b - +0 scale mail
rPois   .            (no helmet)
rElec   .            (no cloak)
rCorr   .            (no gloves)
SInv    .            o - +0 pair of boots
Will    .....        (no amulet) Stlth
                     (no ring)
HPRegen 0.28/turn    (no ring)
MPRegen 0.10/turn

%: no passive effects
@: about to teleport, weakened
A: no striking features
a: no special abilities


You were on level 4 of the Dungeon.
You visited 1 branch of the dungeon, and saw 4 of its levels.

You collected 177 gold pieces.

Inventory:

Hand Weapons
 a - a +0 war axe (weapon)
Armour
 b - a +0 scale mail (worn)
 c - a +0 buckler (worn)
 o - a +0 pair of boots (worn)
Jewellery
 k - a ring of fire
Scrolls
 e - 2 scrolls of teleportation
 h - 2 scrolls of vulnerability {unknown}
 i - 3 scrolls of immolation {unknown}
 m - a scroll of poison {unknown}
 p - a scroll of enchant weapon {unknown}
 q - 2 scrolls of identify {unknown}
Potions
 d - a potion of might
 f - 2 potions of resistance {unknown}
 g - a potion of invisibility {unknown}
 j - a potion of curing {unknown}
 l - a potion of degeneration {unknown}
 n - a potion of enlightenment {unknown}


   Skills:
 + Level 4.4 Fighting
 + Level 5.4 Axes
 + Level 0.1 Throwing
 + Level 4.2 Armour
 + Level 1.8 Dodging
 + Level 3.9 Shields


You had 5 spell levels left.
You didn't know any spells.
Your spell library contained the following spells:

 Spells                   Type           Power      Damage    Failure   Level
 Necrotise                Necr           0%         1d4       80%         1
 Stone Arrow              Conj/Erth      0%         3d7       99%         3
 Vampiric Draining        Necr           0%         2d6       99%         3
 Animate Armour           Summ/Erth      0%         N/A       100%        4
 Agony                    Necr           0%         N/A       100%        5
 Lehudib's Crystal Spear  Conj/Erth      0%         10d2      100%        8


Dungeon Overview and Level Annotations

Branches:
Dungeon (4/15)
 Temple: D:4-7

Altars:
Ru


Message History

The gnoll bouda hits you with a +0 club.
You barely miss the hound.
The hound is moderately wounded.
You hit the gnoll bouda but do no damage.
The hound bites you but does no damage.
The gnoll bouda hits you with a +0 club!
The hound bites you but does no damage.
You hit the hound but do no damage.
The hound is moderately wounded.
You hit the gnoll bouda but do no damage.
The hound bites you but does no damage.
The gnoll bouda gazes fiercely through you!
You feel your attacks grow feeble.
The gnoll bouda hits you but does no damage.
The hound bites you but does no damage.
You barely miss the gnoll bouda. You miss the hound.
The gnoll bouda barks out a call to the hunt!
The gnolls pick up the pace!
The hound completely misses you. The hound bites you.
You barely miss the gnoll bouda. You hit the hound. The hound bites you.
The gnoll bouda hits you with a +0 club.
* * * LOW HITPOINT WARNING * * *
The gnoll hits you with a +0 whip.
* * * LOW HITPOINT WARNING * * *
You block the hound's attack.
You barely miss the gnoll bouda. You barely miss the gnoll.
You closely miss the hound. The hound barely misses you.
The gnoll bouda hits you with a +0 club.
* * * LOW HITPOINT WARNING * * *
The gnoll hits you but does no damage.
As you read the scroll labelled WOKITA VINAMU, it crumbles to dust.
You feel strangely unstable.
It was a scroll of teleportation.
The hound bites you but does no damage. The gnoll bouda closely misses you.
The gnoll barely misses you. You block the hound's attack.
Unknown command.
You closely miss the gnoll bouda. You miss the hound.
You closely miss the gnoll. The hound bites you.
* * * LOW HITPOINT WARNING * * *
The gnoll bouda hits you with a +0 club!
You die...

#.........# #.........#
##.........# #.#
..>........# #.# #####
...........# #.# #....
..........# #.# #....
#....)g# #.####....
######g## ##.........
#@g#####..........
##h...............
#.....#...####....
...h....##.####......
..............##.#####
..................#####
#................#.....
#................#.....
#....>.................


You could see a gnoll bouda, a hound and 2 gnolls.

Vanquished Creatures
  A centaur (D:4)
  A hound (D:4)
  An orc wizard (D:3)
  A gnoll (D:1)
  5 adders
  A worm (D:4)
  A dart slug (D:2)
  7 orcs
  4 ball pythons
  2 bats
  3 endoplasms
  A giant cockroach (D:2)
  7 goblins
  A hobgoblin (D:1)
  5 kobolds
  3 quokkas
  A frilled lizard (D:2)
  6 rats
51 creatures vanquished.

Notes
Turn   | Place    | Note
-------+----------+-------------------------------------------
     0 | D:1      | T3DPool the Hill Orc Fighter began the quest for the Orb.
     0 | D:1      | Reached XP level 1. HP: 19/19 MP: 1/1
   137 | D:1      | Reached skill level 3 in Axes
   137 | D:1      | Reached XP level 2. HP: 23/27 MP: 2/2
   620 | D:1      | You fall into a shaft and drop 1 floor!
   717 | D:2      | Reached XP level 3. HP: 29/33 MP: 3/3
  1054 | D:2      | Reached skill level 4 in Axes
  1184 | D:2      | Reached XP level 4. HP: 40/40 MP: 4/4
  1396 | D:3      | Reached skill level 1 in Dodging
  1683 | D:3      | Reached XP level 5. HP: 41/46 MP: 5/5
  1832 | D:3      | Found a sacrificial altar of Ru.
  2012 | D:4      | Noticed a centaur
  2023 | D:4      | Killed a centaur
  2024 | D:4      | Reached skill level 5 in Axes
  2170 | D:4      | Identified the +1 ring mail "Boith" {rC+ Str+5 Dex-5
                  | Slay+3}
  2222 | D:4      | Reached XP level 6. HP: 44/53 MP: 6/6
  2255 | D:4      | Slain by a gnoll bouda

Illustrated notes

Levels and vault maps discovered:
D:1:      lemuel_arrival_funnel, layout_loops_ring
D:2:      layout_basic, serial_corexii_hall, corexii_hall_statues_s,
          corexii_hall_statues_l
D:3:      layout_loops_cross, lemuel_round_altar
D:4:      layout_rooms, kennysheep_little_box, minmay_temple_entry_slanted

Skill      XL: |  1  2  3  4  5 |
---------------+----------------+-----
Axes           | 3 4 5 |  5.4
Fighting       | 4 |  4.4
Dodging        | 1 |  1.8
Armour         | 4 |  4.2
Throwing       | |  0.1
Shields        | |  3.9

Action                     |  1- 3 |  4- 6 || total
---------------------------+-------+-------++-------
  Melee: War axe           |    85 |    78 ||   163
  Throw: Boomerang         |       |     2 ||     2
    Use: Scroll            |       |     1 ||     1
 Armour: Scale mail        |    60 |    91 ||   151
  Dodge: Dodged            |    33 |    53 ||    86
  Block: Buckler           |    16 |    24 ||    40

Table legend: (Time is in decaauts)
 A = Elapsed time spent in this place.
 B = Non-inter-level travel time spent in this place.
 C = Inter-level travel time spent in this place.
 D = Time resting spent in this place.
 E = Time spent auto-exploring this place.
 F = Levels seen in this place.
 G = Mean time per level.
                   A        B        C        D        E       F      G
               +--------+--------+--------+--------+--------+-----+--------+
         Total |   2307 |   2272 |     35 |    182 |   1606 |   4 |  576.8 |
       Dungeon |   2307 |   2272 |     35 |    182 |   1606 |   4 |  576.8 |
               +--------+--------+--------+--------+--------+-----+--------+

Top non-repeatable levels by time:
     D:3: 725 daAuts
     D:2: 697 daAuts
     D:1: 630 daAuts
     D:4: 254 daAuts
